 Dungeon Crawl Stone Soup version 0.19-a0-231-gae044c8 (webtiles) character file.

74422 Arkorax the Bludgeoner (level 15, 0/132 HPs)
             Began as a Human Fighter on May 24, 2016.
             Was the Champion of Hepliaklqana.
             Slain by a harpy (8 damage)
             ... summoned by Kirke
             ... on level 15 of the Dungeon.
             The game lasted 00:50:52 (26147 turns).

Arkorax the Bludgeoner (Human Fighter)             Turns: 26147, Time: 00:50:53

Health: 0/132      AC:  0    Str: 22    XL:     15   Next: 94%
Magic:  15/15      EV: 13    Int:  9    God:    Hepliaklqana [******]
Gold:   1546       SH:  0    Dex: 13    Spells: 0 memorised, 14 levels left

rFire  . . .     SeeInvis .     (weapon currently unavailable)
rCold  . . .     Gourm    .     (armour currently unavailable)
rNeg   . . .     Faith    .     (shield currently unavailable)
rPois  .         Spirit   .     (helmet currently unavailable)
rElec  .         Dismiss  .     (cloak currently unavailable)
rCorr  .         Reflect  .     (gloves currently unavailable)
SustAt .         Harm     .     (boots currently unavailable)
MR     +....                    (no amulet)
Stlth  +.........               (ring currently unavailable)
                                (ring currently unavailable)

@: about to teleport, pig-form, studying Bows, very quick, somewhat resistant to
hostile enchantments, very unstealthy
A: no striking features
a: Battlemage: Iceblast, Battlemage: Bolt of Magma, Recall Ancestor, Ancestor
Identity, Transference, Idealise, Renounce Religion


You were on level 15 of the Dungeon.
You worshipped Hepliaklqana.
Hepliaklqana was exalted by your worship.
You were not hungry.
You were a filthy swine.
You visited 3 branches of the dungeon, and saw 24 of its levels.
You also visited: Labyrinth.

You collected 1721 gold pieces.
You spent 175 gold pieces at shops.

Inventory:

Hand Weapons
 K - a +4 great mace of crushing (melded)
 P - a +5 morningstar of holy wrath
Missiles
 f - 4 throwing nets (quivered)
Armour
 v - a +2 cloak (melded)
 x - a +0 pair of boots (melded)
 A - a +1 pair of gloves (melded)
 B - the +8 orange crystal plate armour (melded) {Archmagi, Int+3 Clar SustAt}
   (You found it on level 5 of the Dungeon)

   It affects your intelligence (+3).
   It sustains your strength, intelligence and dexterity.
   It protects you against confusion.
 G - a +2 helmet (melded)
Jewellery
 C - an uncursed ring of protection from cold
 F - a ring of poison resistance (melded)
 Y - a ring of protection from fire (melded)
Wands
 q - a wand of digging (13/24)
 E - a wand of teleportation (4/9)
 Q - a wand of paralysis (5/24)
 S - a wand of paralysis (19/24)
 V - a wand of iceblast (8/15)
Scrolls
 a - 7 scrolls of identify
 g - 11 scrolls of recharging
 i - 20 scrolls of remove curse
 j - 4 scrolls of fog
 k - 3 scrolls of enchant armour
 u - 2 scrolls of teleportation
 w - 5 scrolls of amnesia
 y - 6 scrolls of blinking
 U - a scroll of enchant weapon
Potions
 b - a potion of might
 h - 3 potions of brilliance
 m - 4 potions of curing
 n - 4 potions of flight
 r - a potion of cancellation
 z - 2 potions of resistance
 L - 4 potions of mutation
 N - a potion of invisibility
 T - 2 potions of agility
 W - 2 potions of heal wounds
Books
 c - a book of Flames

   Spells                             Type                      Level
   a - Flame Tongue                   Conjuration/Fire             1
   b - Throw Flame                    Conjuration/Fire             2
   c - Conjure Flame                  Conjuration/Fire             3
   d - Inner Flame                    Hexes/Fire                   3
   e - Sticky Flame                   Conjuration/Fire             4
   f - Fireball                       Conjuration/Fire             5
 d - a book of Ice

   Spells                             Type                      Level
   a - Ice Form                       Ice/Transmutation            4
   b - Metabolic Englaciation         Hexes/Ice                    5
   c - Ozocubu's Refrigeration        Ice                          6
   d - Bolt of Cold                   Conjuration/Ice              6
   e - Freezing Cloud                 Conjuration/Ice/Air          6
   f - Simulacrum                     Ice/Necromancy               6
 e - a book of Conjurations

   Spells                             Type                      Level
   a - Magic Dart                     Conjuration                  1
   b - Searing Ray                    Conjuration                  2
   c - Dazzling Spray                 Conjuration/Hexes            3
   d - Fulminant Prism                Conjuration/Hexes            4
   e - Iskenderun's Mystic Blast      Conjuration                  4
   f - Iskenderun's Battlesphere      Conjuration/Charms           5
 t - a book of Party Tricks

   Spells                             Type                      Level
   a - Summon Butterflies             Summoning                    1
   b - Apportation                    Translocation                1
   c - Tukima's Dance                 Hexes                        3
   d - Alistair's Intoxication        Transmutation/Poison         5
   e - Invisibility                   Hexes                        6
 D - a book of Spatial Translocations

   Spells                             Type                      Level
   a - Apportation                    Translocation                1
   b - Blink                          Translocation                2
   c - Shroud of Golubria             Charms/Translocation         2
   d - Portal Projectile              Translocation                3
   e - Teleport Other                 Translocation                3
   f - Passage of Golubria            Translocation                4
 M - a book of Annihilations

   Spells                             Type                      Level
   a - Poison Arrow                   Conjuration/Poison           6
   b - Chain Lightning                Conjuration/Air              8
   c - Lehudib's Crystal Spear        Conjuration/Earth            8
   d - Glaciate                       Conjuration/Ice              9
   e - Fire Storm                     Conjuration/Fire             9
 O - a Young Poisoner's Handbook

   Spells                             Type                      Level
   a - Sting                          Conjuration/Poison           1
   b - Cure Poison                    Poison                       2
   c - Mephitic Cloud                 Conjuration/Poison/Air       3
   d - Olgreb's Toxic Radiance        Poison                       4
   e - Venom Bolt                     Conjuration/Poison           5
 R - a book of Death

   Spells                             Type                      Level
   a - Corpse Rot                     Necromancy                   2
   b - Sublimation of Blood           Necromancy                   2
   c - Agony                          Necromancy                   5
   d - Dispel Undead                  Necromancy                   5
   e - Excruciating Wounds            Charms/Necromancy            5
   f - Bolt of Draining               Conjuration/Necromancy       5
 Z - a manual of Bows
Comestibles
 o - 5 meat rations
 p - 2 royal jellies
 s - 9 fruits
 H - 7 beef jerkies
 I - 8 slices of pizza
 J - 7 bread rations


   Skills:
 * Level 16.4 Fighting
 * Level 16.6 Maces & Flails
 + Level 12.3 Armour
   Level 3.0 Shields


You had 14 spell levels left.
You didn't know any spells.

Dungeon Overview and Level Annotations

Branches:
Dungeon (15/15)            Temple (1/1) D:5            Lair (8/8) D:11
  Swamp (0/4) Lair:6        Snake (0/4) Lair:5        Slime (0/6) Lair:6
    Orc (0/2) D:12         Vaults (0/5) D:14
 Depths: D:15

Altars:
Ashenzari
Cheibriados
Dithmenos
Elyvilon
Fedhas
Gozag
Hepliaklqana
Kikubaaqudgha
Makhleb
Nemelex Xobeh
Okawaru
Pakellas
Qazlal
Ru
Sif Muna
Trog
Ukayaw
Vehumet
Xom
Yredelemnul
Zin
The Shining One
Jiyva

Shops:
D:5 [   D:11 (   D:14 }=:(*

Portals:
Trove: D:11 (give potion of experience)

Annotations:
D:15 Kirke, Louise
Lair:6 1 runed door


Message History

* * * LOW HITPOINT WARNING * * *
The harpy screeches!
The harpy closely misses you. The harpy claws you!
* * * LOW HITPOINT WARNING * * *
Drink which item? (? for menu, Esc to quit)
You feel much better.
The harpy screeches!
The harpy claws you!
* * * LOW HITPOINT WARNING * * *
The harpy claws you.
* * * LOW HITPOINT WARNING * * *
The harpy claws you!!
* * * LOW HITPOINT WARNING * * *
The harpy misses you.
Drink which item? (? for menu, Esc to quit)
You feel much better. The harpy completely misses you.
The harpy closely misses you. The harpy claws you!
* * * LOW HITPOINT WARNING * * *
The harpy claws you!
You die...

#.# #)# .# #.# .# #.# .#
#H# .# #k# .# #†# .#
########@##########(#
..$......Hh.........#
#.#####.#####.......######
#.# #..|(.(....... #.#
#..(....###### #.#
#.).....# #.# #(...((.#
#.# #(......# #.#
#(......#######
#.......)......


You could see Louise and a harpy.

Vanquished Creatures
  Nessos (D:15)
  2 vault guards (D:14)
  A minotaur (Lab)
  4 hydras
  3 catoblepae
  2 centaur warriors
  2 death yaks (Lair:7)
  7 spriggans (Lair:8)
  5 skeletal warriors (D:13)
  A wizard (D:14)
  2 unseen horrors (Lab)
  A hill giant (D:15)
  2 cyclopes
  Pikel (D:4)
  2 necromancers (D:14)
  An oklob plant (Lair:6)
  13 ugly things (D:14)
  2 deep elf magi
  A manticore (D:13)
  3 elephants (Lair:7)
  7 black mambas
  A guardian serpent (Lair:5)
  7 spiny frogs
  2 rime drakes
  A gargoyle (D:11)
  5 komodo dragons
  A spriggan druid (Lair:8)
  2 polar bears (Lair:8)
  A troll (D:14)
  2 two-headed ogres
  7 blink frogs
  A boulder beetle (Lair:6)
  A wraith (D:12)
  A shadow (D:12)
  Sigmund (D:4)
  3 redbacks (Lair:8)
  32 yaks
  2 wyverns
  2 hogs (D:15)
  Eustachio (D:6)
  13 hippogriffs
  14 humans
  2 hungry ghosts
  3 basilisks (Lab)
  Menkaure (D:4)
  A steam dragon (D:14)
  Edmund (D:6)
  11 water moccasins
  12 porcupines
  A swamp drake (D:11)
  2 orc warriors
  3 phantoms
  3 wasps
  2 ice beasts
  2 sky beasts
  2 black bears
  A slave (D:4)
  5 ogres
  35 wolves
  A boggart (D:5)
  12 centaurs
  12 crocodiles
  A big kobold (D:13)
  21 giant frogs
  3 scorpions
  A troll zombie (D:12)
  10 killer bees
  19 wights
  A howler monkey (D:6)
  An electric eel (Lair:6)
  4 crimson imps
  A giant frog zombie (D:10)
  3 jellies
  6 centaur zombies
  A wasp zombie (D:10)
  4 hounds
  4 giant frog skeletons
  6 orc priests
  2 centaur skeletons
  9 iguanas
  Ijyb (D:2)
  11 orc wizards
  4 worker ants
  30 sheep
  6 ogre zombies (D:12)
  A hound zombie (D:9)
  2 hound skeletons (D:4)
  A worker ant zombie (D:5)
  4 gnolls (D:4)
  12 adders
  31 river rats
  A shadow imp (D:6)
  2 oozes
  An adder skeleton (D:8)
  2 adder zombies
  4 worms
  3 dart slugs
  5 giant geckos
  43 orcs
  A ball python (D:3)
  3 giant cockroaches
  6 goblins
  11 hobgoblins
  7 jackals
  5 quokkas
  3 bats
  6 giant newts
  2 goblin skeletons (D:12)
  2 goblin zombies (D:12)
  A hobgoblin skeleton (D:12)
  A hobgoblin zombie (D:12)
  A jackal skeleton (D:7)
  6 kobolds
  3 orc skeletons (D:12)
  9 orc zombies (D:12)
  7 rats
  A fungus (D:8)
611 creatures vanquished.

Vanquished Creatures (collateral kills)
  A vault guard (D:14)
  Harold (Lair:3)
  3 hydras
  A centaur warrior (D:14)
  A death yak (Lair:7)
  A catoblepas (Lair:5)
  A slime creature (D:13)
  2 spriggans (Lair:8)
  The ghost of haldagan the Impaler, a novice MfBe of Trog (D:6)
  An unseen horror (D:10)
  2 hill giants
  A griffon (D:14)
  2 ugly things
  6 spiny frogs
  A rime drake (Lair:5)
  2 komodo dragons
  A troll (D:14)
  3 polar bears
  Grinder (D:5)
  6 blink frogs
  A redback (Lair:8)
  A wraith (D:14)
  4 humans (D:14)
  9 yaks
  A hippogriff (Lair:6)
  A hog (D:15)
  6 hungry ghosts
  2 basilisks
  A water moccasin (Lair:8)
  2 orc warriors (D:14)
  An ice beast (D:13)
  2 sky beasts
  2 wasps (Lair:8)
  A black bear (Lair:8)
  A phantom (D:10)
  2 centaurs (D:13)
  4 crocodiles
  9 wolves
  A big kobold (D:10)
  4 giant frogs
  2 killer bees (D:12)
  6 wights
  2 electric eels (Lair:6)
  2 crimson imps
  2 orc priests
  3 centaur skeletons
  3 orc wizards
  A worker ant (D:10)
  5 sheep
  An ogre zombie (D:12)
  A howler monkey zombie (D:5)
  2 adders
  16 river rats
  An adder zombie (D:5)
  3 orcs
  6 kobolds
  A hobgoblin skeleton (D:12)
  2 hobgoblin zombies (D:12)
  An orc skeleton (D:12)
  3 orc zombies (D:12)
  A rat (D:3)
  A butterfly (Lair:1)
  A fungus (Lair:7)
159 creatures vanquished.

Vanquished Creatures (others)
  A wizard (D:10)
  Duvessa (D:4)
  Dowan (D:4)
  13 battlemagi
  An ancestor (D:5)
  An adder skeleton (D:4)
  14 fungi
  4 plants
36 creatures vanquished.

Grand Total: 806 creatures vanquished

Notes
Turn   | Place    | Note
--------------------------------------------------------------
     0 | D:1      | Arkorax the Human Fighter began the quest for the Orb.
     0 | D:1      | Reached XP level 1. HP: 18/18 MP: 1/1
   454 | D:1      | Reached XP level 2. HP: 24/24 MP: 2/2
  1033 | D:2      | Reached XP level 3. HP: 24/29 MP: 3/3
  1074 | D:2      | Found a shadowy altar of Dithmenos.
  1074 | D:2      | Found an iron altar of Okawaru.
  1133 | D:2      | Found a deep blue altar of Sif Muna.
  1307 | D:2      | Found a stormy altar of Qazlal.
  1346 | D:2      | Noticed Sigmund
  1673 | D:2      | Reached XP level 4. HP: 34/37 MP: 4/4
  1887 | D:2      | Noticed Ijyb
  1895 | D:2      | Killed Ijyb
  2038 | D:3      | Reached XP level 5. HP: 33/42 MP: 5/5
  2110 | D:3      | Found an ancient bone altar of Kikubaaqudgha.
  2410 | D:3      | Noticed an ogre
  2652 | D:4      | Noticed a slave
  2652 | D:4      | Noticed an ogre
  2676 | D:4      | Reached XP level 6. HP: 49/49 MP: 6/6
  2683 | D:4      | Killed an ogre
  2683 | D:4      | Reached skill level 5 in Fighting
  2702 | D:4      | Killed a slave
  2770 | D:4      | Noticed a slave
  2771 | D:4      | Noticed Pikel
  2771 | D:4      | Noticed a slave
  2771 | D:4      | Noticed a slave
  2797 | D:4      | Killed Pikel
  2797 | D:4      | Reached skill level 5 in Maces & Flails
  2797 | D:4      | Reached XP level 7. HP: 38/58 MP: 7/7
  2797 | D:4      | Reached XP level 8. HP: 42/64 MP: 8/8
  3008 | D:4      | Noticed Dowan
  3011 | D:4      | Noticed Duvessa
  3019 | D:4      | Killed Dowan
  3021 | D:4      | Killed Duvessa
  3160 | D:4      | Found a sparkling altar of Nemelex Xobeh.
  3263 | D:4      | Noticed Menkaure
  3272 | D:4      | Killed Menkaure
  3272 | D:4      | Reached skill level 5 in Armour
  3783 | D:4      | Killed Sigmund
  4269 | D:5      | Entered Level 5 of the Dungeon
  4301 | D:5      | Noticed Grinder
  4305 | D:5      | Found a staircase to the Ecumenical Temple.
  4317 | Temple   | Entered the Ecumenical Temple
  4484 | Temple   | Became a worshipper of Hepliaklqana
  4537 | D:5      | Found Nearghad's Armour Shop.
  4804 | D:5      | Paralysed by Grinder for 2 turns
  4816 | D:5      | Reached XP level 9. HP: 49/72 MP: 9/9
  4818 | D:5      | Paralysed by Grinder for 4 turns
  4828 | D:5      | Killed Grinder
  4948 | D:5      | Found a basalt altar of Yredelemnul.
  5831 | D:6      | Noticed haldagan's ghost (novice MfBe)
  6132 | D:6      | Killed haldagan's ghost
  6182 | D:6      | Noticed Eustachio
  6268 | D:6      | Killed Eustachio
  6418 | D:6      | Found a shimmering altar of Xom.
  6464 | D:6      | Noticed Edmund
  6484 | D:6      | Killed Edmund
  6638 | D:6      | Reached XP level 10. HP: 80/82 MP: 10/10
  6703 | D:6      | Reached * piety under Hepliaklqana
  7272 | D:7      | Got a tiger eye-studded scale mail
  7273 | D:7      | Identified the +5 scale mail "Yfumnol" {MR+} (You found it on level 7 of the Dungeon)
  7537 | D:7      | Found a white marble altar of Elyvilon.
  7541 | D:7      | Found a glowing silver altar of Zin.
  7542 | D:7      | Found a glowing golden altar of the Shining One.
  7710 | D:7      | Found an oddly glowing altar of Pakellas.
  7746 | D:7      | Found a snail-covered altar of Cheibriados.
  7848 | D:7      | Reached ** piety under Hepliaklqana
  7953 | D:8      | Found a sacrificial altar of Ru.
  8188 | D:8      | Found a hide-covered altar to Ukayaw.
  8458 | D:9      | Found a shattered altar of Ashenzari.
  8543 | D:9      | Found a bloodstained altar of Trog.
  8934 | D:9      | Reached skill level 10 in Fighting
  8993 | D:10     | Entered Level 10 of the Dungeon
  9082 | D:9      | Reached skill level 10 in Maces & Flails
  9102 | D:9      | Reached XP level 11. HP: 67/91 MP: 11/11
  9435 | D:10     | Remembered your ancestor Diqfaq as a battlemage
  9626 | D:10     | Reached *** piety under Hepliaklqana
  9695 | D:10     | Killed an unseen horror
  9801 | D:10     | Noticed a hill giant
  9818 | D:10     | Killed a hill giant
 10001 | D:10     | Found a bloodstained altar of Trog.
 10004 | D:10     | Noticed a wizard
 10010 | D:10     | Killed a wizard
 10771 | D:11     | Noticed a cyclops
 10779 | D:11     | Killed a cyclops
 10924 | D:11     | Found Equsyz's Antique Weapon Boutique.
 10928 | D:11     | Found a portal to a secret trove of treasure.
 11716 | D:11     | Identified a scroll of acquirement
 11724 | D:11     | Found a staircase to the Lair.
 11889 | D:11     | Reached XP level 12. HP: 85/101 MP: 12/12
 12088 | Lair:1   | Entered Level 1 of the Lair of Beasts
 12195 | Lair:1   | Noticed a seven-headed hydra
 12205 | Lair:1   | Killed a seven-headed hydra
 12207 | Lair:1   | Reached **** piety under Hepliaklqana
 12414 | Lair:1   | Noticed a four-headed hydra
 12422 | Lair:1   | Killed a four-headed hydra
 12548 | Lair:1   | Got a faintly humming hat
 12559 | Lair:1   | Identified the +0 hat "Ipacez" {Str+4} (You acquired it on level 1 of the Lair of Beasts)
 13164 | Lair:2   | Found a labyrinth entrance.
 13173 | Lab      | Entered a labyrinth
 13238 | Lab      | Found an exit through the horrors of the Abyss.
 13296 | Lab      | Found an exit through the horrors of the Abyss.
 13334 | Lab      | Killed an unseen horror
 13359 | Lab      | Reached ***** piety under Hepliaklqana
 13383 | Lab      | Killed an unseen horror
 13734 | Lab      | Noticed a minotaur
 13750 | Lab      | Killed a minotaur
 13840 | Lab      | Got an encrusted scimitar
 13841 | Lab      | Identified the +5 scimitar "Path" {slice, Str+3} (You found it in a labyrinth)
 14814 | Lair:3   | Noticed a catoblepas
 14832 | Lair:3   | Killed a catoblepas
 15185 | Lair:3   | Noticed Harold
 15200 | Lair:3   | Killed Harold
 15263 | Lair:3   | Reached XP level 13. HP: 81/111 MP: 13/13
 16323 | Lair:4   | You fall through a shaft for 3 floors!
 16534 | Lair:6   | Reached ****** piety under Hepliaklqana
 16656 | Lair:6   | Noticed an eight-headed hydra
 16672 | Lair:6   | Killed an eight-headed hydra
 16672 | Lair:6   | Reached skill level 10 in Armour
 17132 | Lair:6   | Noticed a catoblepas
 17146 | Lair:6   | Killed a catoblepas
 17338 | Lair:6   | Found a runed door.
 17338 | Lair:6   | Found a viscous altar of Jiyva.
 17345 | Lair:6   | Found a staircase to the Slime Pits.
 17378 | Lair:6   | Found a staircase to the Swamp.
 18996 | Lair:8   | Entered Level 8 of the Lair of Beasts
 19032 | Lair:8   | Noticed a four-headed hydra
 19042 | Lair:8   | Killed a four-headed hydra
 19042 | Lair:8   | Reached XP level 14. HP: 110/121 MP: 14/14
 20557 | Lair:8   | Reached skill level 15 in Maces & Flails
 20664 | Lair:8   | Reached skill level 15 in Fighting
 21286 | Lair:5   | Found a staircase to the Snake Pit.
 21964 | D:12     | Found a staircase to the Orcish Mines.
 23179 | D:13     | Reached XP level 15. HP: 86/129 MP: 15/15
 24152 | D:14     | Found Najogi's Jewellery Shoppe.
 24194 | D:14     | Found Gialegedgh's Book Shoppe.
 24272 | D:14     | Found Fipa's Antique Weapon Shop.
 24725 | D:14     | Found Gydetam's Assorted Antiques.
 24732 | D:14     | Bought a large malachite amulet for 175 gold pieces
 24960 | D:14     | Found a gate to the Vaults.
 25795 | D:14     | Found Hyuwet's Gadget Boutique.
 25935 | D:15     | Entered Level 15 of the Dungeon
 25950 | D:15     | Noticed Nessos
 25966 | D:15     | Killed Nessos
 26110 | D:15     | Noticed Kirke
 26140 | D:15     | Noticed Louise
 26146 | D:15     | HP: 2/132 [harpy[Kirke] (19)]
 26147 | D:15     | Slain by a harpy

Vault maps used:
D:1:      dpeg_arrival_rooms_a, minmay_cupped
D:2:      lemuel_crystal_altar, gammafunk_temple_overflow_statue,
          nrook_mini_backslash, grunt_qazlal_sundering, uniq_sigmund, uniq_iyjb
D:3:      old_standard_altar
D:4:      nicolae_overflow_hidden_temple, uniq_pikel, uniq_duvessa,
          uniq_menkaure
D:5:      lemuel_doored_altar, minmay_temple_entry_glass, serial_shops,
          shop_statue, first_bread, uniq_grinder
D:6:      xom_teletrap_fun, minivault_14, uniq_eustachio, uniq_edmund
D:7:      good_gods_temple_1, old_standard_altar, lemuel_crystal_altar,
          grunt_livestock
D:8:      nicolae_ru_the_path_less_chosen, lemuel_round_altar
D:9:      overflow_temple_1_default, nicolae_ashenzari_panopticon,
          grunt_decor_clamped
D:10:     trog_wizard
D:11:     erik_lair_dragon, nicolae_trove_entry_free_sample, serial_shops, shop
D:12:     zombieorc2_lemuel
D:14:     grunt_vaults_entry_tiered, serial_shops, shop, shop,
          nicolae_shop_behind_doors, shop, shop, minivault_25,
          kennysheep_generic_room_7
D:15:     grunt_enter_depths_magical_seal, serial_bayou_ford_a,
          minmay_hedge_maze, uniq_nessos, uniq_kirke, uniq_louise
Temple:   hc_temple_tempest_star
Lair:1:   grunt_megastairs_1, lemuel_fruit_fields, lemuel_fruit_tree
Lair:2:   lab_entry_generic, st_stairs_10, serial_bayou_shore_b
Lair:3:   serial_bayou_pond_e, beast_lair_carwin_3, uniq_harold
Lair:4:   infiniplex_staircase_pool
Lair:5:   minmay_snake_entry_spellcaster
Lair:6:   minmay_swamp_entry_eels, slime_altar_2, infiniplex_staircase_pool_2
Lair:8:   minmay_lair_end_enchanted_forest, serial_bayou_pond_b
Lab:      labyrinth_mini_lab, nicolae_lab_stuck, labyrinth_skeletal_remains,
          nicolae_lab_blocks, lab_statue, nicolae_lab_flowing_pool

Skill      XL: |  1  2  3  4  5  6  7  8  9 10 11 12 13 14 15 |
---------------+----------------------------------------------+-----
Maces & Flails | 3 5 6 8 10 11 13 14 15 16 | 16.6
Fighting       | 4 6 7 8 10 11 13 14 15 16 | 16.4
Armour         | 4 5 6 7 8 9 10 11 12 | 12.3
Shields        | |  3.0

Action                   |  1- 3 |  4- 6 |  7- 9 | 10-12 | 13-15 || total
-------------------------+-------+-------+-------+-------+-------++-------
Melee: Flail             |    89 |   140 |       |       |       ||   229
       Whip              |       |       |   329 |       |       ||   329
       Dire flail        |       |       |    26 |   724 |   417 ||  1167
       Great mace        |       |       |       |       |   793 ||   793
       Morningstar       |       |       |       |       |    28 ||    28
Invok: Ancestor Life: Ba |       |       |       |     1 |       ||     1
       Transference      |       |       |       |       |     2 ||     2
       Recall Ancestor   |       |       |       |       |     3 ||     3
Evoke: Wand              |       |       |    17 |     6 |     6 ||    29
  Use: Potion            |       |     6 |     3 |     4 |     2 ||    15
       Scroll            |       |       |     1 |    30 |    16 ||    47
 Stab: Distracted        |       |       |     2 |     7 |    14 ||    23
       Petrified         |       |       |       |       |     1 ||     1
  Eat: Chunk             |     2 |       |       |     3 |     8 ||    13
       Bread ration      |       |     1 |     3 |     1 |       ||     5
       Meat ration       |       |       |       |     3 |     5 ||     8
       Fruit             |       |       |       |     5 |     5 ||    10
       Pizza             |       |       |       |     2 |       ||     2
Armor: Scale mail        |    57 |     5 |       |       |       ||    62
       Chain mail        |       |    72 |    51 |       |       ||   123
       Skin              |       |    32 |       |       |       ||    32
       Crystal plate arm |       |       |   304 |   573 |  1348 ||  2225
Dodge: Dodged            |    50 |    58 |    73 |    99 |   296 ||   576
